 Dungeon Crawl Stone Soup version 0.23.0 (webtiles) character file.

Game seed: 12311689650924958615

531 Borgoz the Skirmisher (level 7, 0/60 HPs)
             Began as a Ghoul Gladiator on Feb 17, 2019.
             Slain by a worker ant (6 damage)
             ... on level 6 of the Dungeon.
             The game lasted 00:06:45 (3238 turns).

Borgoz the Skirmisher (Ghoul Gladiator)             Turns: 3238, Time: 00:06:46

Health: 0/60       AC: 11    Str: 18    XL:     7   Next: 24%
Magic:  6/6        EV:  8    Int:  5    God:
Gold:   189        SH:  0    Dex: 10    Spells: 6/6 levels left

rFire    . . .     SeeInvis .   a - +3 dagger (speed)
rCold    + . .     Gourm    .   (no shield)
rNeg     + + +     Faith    .   j - +0 chain mail
rPois    ∞         Spirit   .   c - +0 helmet
rElec    .         Reflect  .   (no cloak)
rCorr    .         Harm     .   p - +0 pair of gloves
MR       .....                  (no boots)
Stlth    ..........             (no amulet)
HPRegen  0.00/turn              n - ring of flight
MPRegen  0.10/turn              (no ring)

@: rotting
A: rotting body, claws 1, carnivore, cold resistance 1, negative energy
resistance 3, inhibited regeneration, torment resistance, unbreathing
a: Evoke Flight


You were on level 6 of the Dungeon.
You were not hungry.

You visited 1 branch of the dungeon, and saw 6 of its levels.

You collected 189 gold pieces.

Inventory:

Hand Weapons
 a - a +3 dagger of speed (weapon)
 i - a +0 rapier
Missiles
 d - 4 throwing nets (quivered)
 e - 5 poisoned needles
Armour
 c - a +0 helmet (worn)
 j - a +0 chain mail (worn)
 p - a +0 pair of gloves (worn)
Jewellery
 n - a ring of flight (left hand)
Scrolls
 b - 3 scrolls of amnesia
 q - a scroll of enchant armour
Potions
 g - 2 potions of curing {unknown}
 h - a potion of haste
Comestibles
 f - 5 rations
 m - 8 chunks of flesh


   Skills:
 + Level 4.5 Fighting
 + Level 4.3 Short Blades
 - Level 1.7 Throwing
 + Level 3.1 Armour
 + Level 4.3 Dodging


You had 6 spell levels left.
You didn't know any spells.
Your spell library was empty.

Dungeon Overview and Level Annotations

Branches:
Dungeon (7/15)
 Temple: D:4-7

Altars:
Makhleb


Innate Abilities, Weirdness & Mutations

Your body is rotting away.
You thrive on raw meat.
You are immune to poison.
You have sharp fingernails.
You are carnivorous and can eat meat at any time.
Your flesh is cold resistant. (rC+)
You are immune to negative energy. (rN+++)
You do not regenerate when monsters are visible.
You are immune to unholy pain and torment.
You can survive without breathing.


Message History

Eat one of 9 chunks of flesh? (ye/n/q)
You eat one of the 9 chunks of flesh.
This raw flesh tastes great!
The wight misses you.
The wight hits you from afar with a +0 spear.
* * * LOW HITPOINT WARNING * * *
The wight hits you with a +3 scimitar of freezing!
* * * LOW HITPOINT WARNING * * *
The wight freezes you.
* * * LOW HITPOINT WARNING * * *
The crimson imp barely misses you.
The crimson imp grinds its teeth.
The wight completely misses you.
You hear the slow hiss of a very distant avalanche of sand.
A worker ant comes into view.
The worker ant twitches its antennae in your direction.
The worker ant closely misses you.
Found a grey potion.
The worker ant waves its antennae.
The worker ant bites you.
You die...

#.#....#zz....# .........
.........z###>##.........
..##...#### #......###...
..####...# #.....## ###
#.# ##..# ##..#...# ...
#..#####..# ...
#....##..5#.....# #. .
#.........z....#####....
####........zz.a@.......
##.........#.###.....
##........#.# ...
###......#.. .
#......#.#. #........##..
#........# #. ###....!.#
..


You could see a worker ant, 3 wights and a crimson imp.

Vanquished Creatures
  Menkaure (D:7)
  A bullfrog (D:7)
  2 orc priests
  2 orc wizards
  A worker ant (D:3)
  7 adders
  6 gnolls
  An ooze (D:2)
  4 worms
  6 orcs
  4 ball pythons
  3 bat skeletons (D:2)
  A bat zombie (D:2)
  5 giant cockroaches
  6 goblins
  5 hobgoblins
  9 jackals
  3 bats
  7 frilled lizards
  5 kobolds
  6 rats
85 creatures vanquished.

Notes
Turn   | Place    | Note
-------+----------+-------------------------------------------
     0 | D:1      | Borgoz the Ghoul Gladiator began the quest for the Orb.
     0 | D:1      | Reached XP level 1. HP: 17/17 MP: 0/0
   173 | D:1      | Reached XP level 2. HP: 25/25 MP: 1/1
   469 | D:2      | Reached XP level 3. HP: 23/30 MP: 2/2
   487 | D:2      | Reached skill level 1 in Armour
   861 | D:3      | Reached XP level 4. HP: 3/38 MP: 3/3
  1107 | D:3      | Reached XP level 5. HP: 28/44 MP: 4/4
  1924 | D:2      | Reached XP level 6. HP: 8/51 MP: 5/5
  2485 | D:2      | Found a burning altar of Makhleb.
  2485 | D:2      | Noticed a blizzard demon
  2488 | D:2      | Noticed a hellwing
  2488 | D:2      | Noticed an orange demon
  3005 | D:4      | Noticed a phantom
  3148 | D:4      | You fall through a shaft for 3 floors!
  3148 | D:7      | Noticed Menkaure
  3155 | D:7      | Killed Menkaure
  3155 | D:7      | Reached XP level 7. HP: 56/60 MP: 6/6
  3238 | D:6      | Slain by a worker ant

Skill      XL: |  1  2  3  4  5  6 |
---------------+-------------------+-----
Short Blades   | 3 4 |  4.3
Dodging        | 3 4 |  4.3
Armour         | 1 2 3 |  3.1
Fighting       | 3 4 |  4.5
Throwing       | |  1.7

Action                   |  1- 3 |  4- 6 |  7- 9 || total
-------------------------+-------+-------+-------++-------
Melee: Rapier            |   138 |    63 |       ||   201
       Dagger            |       |   256 |    27 ||   283
Throw: Throwing net      |     1 |       |       ||     1
  Use: Scroll            |     5 |       |     3 ||     8
       Potion            |     3 |     1 |       ||     4
  Eat: Chunk             |     3 |    22 |     2 ||    27
Armor: Leather armour    |     2 |       |       ||     2
       Chain mail        |    69 |    97 |     7 ||   173
Dodge: Dodged            |    63 |    85 |    11 ||   159
